cohdb
Replays
Latest Replays
All Replays
Popular Replays
Top Player Replays
Match Explorer
How It Works
Community
CoH3 Stats
Reddit
Sign in to upload your games and track your stats! →
Sign in with Steam
Match 24801155
Unlisted
Match 24801155
Overview
Messages
Build Orders
End
Selects Italian Coastal Battlegroup
Selects Italian Coastal Battlegroup
Selects Coastal Reserves
Coastal Reserve
Construct Infanterie Kompanie
MG 42 Machine Gun Team
Coastal Reserve
Medical Bunker
Selects Artillery Officer
Artillery Officer
Infanterie Officer Quarters
Medical Bunker
Selects Support Bunkers
Construct Panzergrenadier Kompanie
Pak 40 Anti-tank Gun Team
Selects Coastal Wall
Coastal Reserve
Repair Bunker
MG 42 Bunker
MG 42 Bunker
Support Elements
Selects Designated Artillery Overwatch
Selects Bulwark
Artillery Officer
MG 42 Bunker
MG 42 Bunker
Nebelwerfer 42 Rocket Launcher Team
MG 42 Bunker
Nebelwerfer 42 Rocket Launcher Team
Medical Bunker
Panzergrenadier Officer Quarters
Kylen
runningDuck
HELP ME
THF-D8
0
0
Comments
sign in to comment!
No comments posted yet!